 Dungeon Crawl Stone Soup version 0.28.0-43-g3370ac3207 (webtiles) character file.

Game seed: 12495883048295534303

81 pkoi the Twirler (level 4, -1/36 HPs)
             Began as a Demigod Gladiator on Mar 26, 2022.
             Slain by an orc wizard
             ... wielding a +2 dagger of venom
              (5 damage)
             ... on level 3 of the Dungeon.
             The game lasted 00:02:11 (2739 turns).

pkoi the Twirler (Demigod Gladiator)                Turns: 2739, Time: 00:02:11

Health: -1/36      AC:  4    Str: 15    XL:     4   Next: 0%
Magic:  7/7        EV: 12    Int: 14    God:
Gold:   96         SH:  0    Dex: 15    Spells: 3/4 levels left

rFire   . . .      SeeInvis .   a - +0 quarterstaff
rCold   . . .      Faith    .   (shield currently unavailable)
rNeg    . . .      Spirit   .   b - +0 leather armour
rPois   .          Reflect  .   c - +0 helmet
rElec   .          Harm     .   (no cloak)
rCorr   .          Rampage  .   (no gloves)
Will    +....                   (no boots)
Stlth   +.........              (no amulet)
HPRegen 0.12/turn               i - ring of flight
MPRegen 0.10/turn               t - ring of willpower

@: attractive, flying
A: high MP 1, forlorn, divine attributes
a: no special abilities


You were on level 3 of the Dungeon.
You visited 1 branch of the dungeon, and saw 4 of its levels.

You collected 96 gold pieces.

Inventory:

Hand Weapons
 a - a +0 quarterstaff (weapon)
Missiles
 d - 3 throwing nets (quivered)
 e - 6 poisoned darts
 h - 3 javelins
Armour
 b - a +0 leather armour (worn)
 c - a +0 helmet (worn)
 v - the +5 ring mail of Moveonet {Harm rC+ MP+9}
   (You found it on level 4 of the Dungeon)

   rC:        It protects you from cold.
   MP:        It affects your magic capacity (+9).
   Harm:      It increases damage dealt and taken.
Jewellery
 i - a ring of flight (left hand)
 t - a ring of willpower (right hand)
Wands
 k - a wand of acid (13)
Scrolls
 n - a scroll of silence {unknown}
 o - 2 scrolls of identify {unknown}
 p - 2 scrolls of teleportation {unknown}
 r - a scroll of holy word {unknown}
Potions
 f - a potion of attraction
 g - 4 potions of curing {unknown}
 j - 2 potions of haste {unknown}
 l - a potion of heal wounds {unknown}
 m - a potion of cancellation {unknown}
 q - a potion of flight {unknown}
 s - a potion of lignification {unknown}
 u - a potion of degeneration {unknown}


   Skills:
 + Level 2.2 Fighting
 + Level 3.6 Staves
 - Level 1.7 Throwing
 + Level 0.9 Armour
 + Level 3.0 Dodging
 + Level 0.5 Spellcasting
 + Level 0.5 Summonings


You had 3 spell levels left.
You knew the following spells:

 Your Spells              Type           Power      Damage    Failure   Level
a - Summon Small Mammal   Summ           4%         N/A       26%         1

Your spell library contained the following spells:

 Spells                   Type           Power      Damage    Failure   Level
 Call Canine Familiar     Summ           1%         N/A       63%         3
 Summon Guardian Golem    Hex/Summ       1%         N/A       67%         3


Dungeon Overview and Level Annotations

Branches:
Dungeon (4/15)
 Temple: D:4-7

Shops:
D:2 (


Innate Abilities, Weirdness & Mutations

You have an increased reservoir of magic. (+10% MP)
You shall have no god before yourself.
Your divine heritage dramatically boosts your attributes as you level up.


Message History

The orc misses you. The orc priest hits you with a +0 whip.
The orc hits you but does no damage.
The orc wizard casts a spell.
The orc wizard flickers and vanishes!
You fly upwards.
Reactivating autopickup.
There is a stone staircase leading down here.
Unknown command.
Unknown command.
You can't go up here!
Unknown command.
Deactivating autopickup; reactivate with Ctrl-A.
You miss something.
The orc priest begins to cast a cantrip, but forgets the words!
Something hits you.
You are poisoned.
You thump something!
You feel sick. The orc priest misses you.
Something hits you but does no damage.
The orc priest calls down the wrath of Beogh upon you.
Beogh smites you!
* * * LOW HITPOINT WARNING * * *
You hit something.
You feel sick.
You hear some strange, mumbled words.
A puff of flame appears from out of thin air!
The puff of flame hits you.
* * * LOW HITPOINT WARNING * * *
The orc priest hits you with a +0 whip.
* * * LOW HITPOINT WARNING * * *
You feel sick. The orc priest misses you.
You feel sick.
The orc priest mumbles some strange prayers to Beogh against you.
Something writhes in agony.
You see here a hobgoblin corpse.
You feel sick.
It was a potion of attraction.
You feel attractive to monsters.
You feel sick.
You are no longer poisoned.
Something hits you.
You die...

## ##.......<...###.#####
####...#.##......##.....####
.......#.##....#..#####....#
.##.###........##.# ####.#
....###..##....##.# #.##
......(.###..####.## #>.#
..###..####..# #>.#### ##.#
.............#####.o).###
#.#
####.######.....@†......#
#.#
###..####################
#.# ...........## #.#
...#######..########## #.#
#### ##...)......# #.# .#
##########.######.# .#
#........# .# ########## ##


You could see an orc priest.

Vanquished Creatures
  2 adders (D:3)
  A worm (D:3)
  2 dart slugs
  5 ball pythons
  4 endoplasms
  A giant cockroach (D:2)
  5 goblins
  6 hobgoblins
  2 jackals (D:3)
  3 quokkas
  5 bats
  9 kobolds
  5 rats
50 creatures vanquished.

Vanquished Creatures (collateral kills)
  A frilled lizard (D:2)
1 creature vanquished.

Grand Total: 51 creatures vanquished

Notes
Turn   | Place    | Note
-------+----------+-------------------------------------------
     0 | D:1      | pkoi the Demigod Gladiator began the quest for the Orb.
     0 | D:1      | Reached XP level 1. HP: 17/17 MP: 3/3
   556 | D:1      | Reached XP level 2. HP: 23/24 MP: 4/4
  1517 | D:2      | Reached XP level 3. HP: 28/29 MP: 5/5
  1578 | D:2      | Learned a level 1 spell: Summon Small Mammal
  1712 | D:2      | Found Qackaz's Antique Weapon Emporium.
  2588 | D:3      | Reached XP level 4. HP: 33/36 MP: 7/7
  2722 | D:4      | Identified the +5 ring mail of Moveonet {Harm rC+ MP+9}
  2739 | D:3      | Slain by an orc wizard

Illustrated notes

Levels and vault maps discovered:
D:1:      tarquinn_simple_flora_water_d, layout_loops_corners
D:2:      layout_rooms, serial_shops, shop, ebering_ecumenical_altar_sacrificial
D:3:      layout_rooms
D:4:      layout_rooms, temple_doors_e

Skill      XL: |  1  2  3 |
---------------+----------+-----
Staves         | 3 |  3.6
Fighting       | 2 |  2.2
Dodging        | 3 |  3.0
Throwing       | |  1.7
Armour         | |  0.9
Spellcasting   | |  0.5
Summonings     | |  0.5

Action                   |  1- 3 |  4- 6 || total
-------------------------+-------+-------++-------
Melee: Quarterstaff      |   134 |     4 ||   138
 Cast: Summon Small Mamm |     2 |       ||     2
  Use: Potion            |       |     1 ||     1
 Stab: Sleeping          |     2 |       ||     2
       Distracted        |     1 |       ||     1
Armor: Leather armour    |    41 |     3 ||    44
Dodge: Dodged            |    90 |     5 ||    95
